 Dungeon Crawl Stone Soup version 0.28.0-53-g5a82cb258f (webtiles) character file.

Game seed: 4267667821719628268

1037 mcbry74 the Prestidigitator (level 8, -10/58 HPs)
             Began as a Gnoll Wanderer on July 20, 2022.
             Was a Priest of Nemelex Xobeh.
             Engulfed by a cloud of flame (13 damage)
             ... on level 5 of the Dungeon.
             The game lasted 00:29:09 (7478 turns).

mcbry74 the Prestidigitator (Gnoll Wanderer)        Turns: 7478, Time: 00:29:10

Health: -10/58     AC:  7    Str: 13    XL:     8   Next: 24%
Magic:  0/12       EV:  2    Int: 10    God:    Nemelex Xobeh [***...]
Gold:   228        SH:  0    Dex: 14    Spells: 13/13 levels left

rFire   . . .      SeeInvis +   z - +4 hand axe
rCold   . . .      Faith    .   (no shield)
rNeg    . . .      Spirit   +   d - +0 leather armour
rPois   .          Reflect  .   A - +1 hat
rElec   .          Harm     .   D - scarf {+Inv}
rCorr   .          Rampage  .   p - +0 pair of gloves
Will    .....                   s - +1 pair of boots
Stlth   +++.......              w - amulet of guardian spirit
HPRegen 0.19/turn               k - ring of see invisible
MPRegen 0.13/turn               (no ring)

@: sleeping
A: fangs 1, strong nose, distributed training
a: Renounce Religion, Evoke Invisibility, Draw Escape, Draw Destruction, Draw
Summoning, Triple Draw


You were on level 5 of the Dungeon.
You worshipped Nemelex Xobeh.
Nemelex Xobeh was most pleased with you.
You visited 1 branch of the dungeon, and saw 5 of its levels.

You collected 228 gold pieces.

Inventory:

Hand Weapons
 a - a +0 short sword
 e - a +0 dagger
 l - a +0 hunting sling
 y - a +2 spear
 z - a +4 hand axe (weapon)
Missiles
 g - 32 bolts
 m - 51 sling bullets
 q - 6 javelins
 r - 13 poisoned darts
 F - 4 curare-tipped darts (quivered)
Armour
 d - a +0 leather armour (worn)
 p - a +0 pair of gloves (worn)
 s - a +1 pair of boots (worn)
 A - a +1 hat (worn)
 D - a scarf of invisibility (worn)
Jewellery
 f - a ring of fire
 k - a ring of see invisible (left hand)
 w - an amulet of guardian spirit (around neck)
 C - a ring of protection from fire
Wands
 b - a wand of mindburst (3)
Scrolls
 c - 3 scrolls of teleportation
 j - a scroll of vulnerability {unknown}
 o - 2 scrolls of magic mapping {unknown}
 t - a scroll of silence {unknown}
 x - a scroll of noise {unknown}
 B - a scroll of amnesia {unknown}
Potions
 h - 4 potions of mutation {unknown}
 i - a potion of might {unknown}
 n - 3 potions of degeneration {unknown}
 u - a potion of attraction {unknown}
 v - a potion of haste {unknown}
 E - a potion of curing


   Skills:
 + Level 3.1 Fighting
 + Level 9.1 Short Blades
 + Level 3.1 Long Blades
 + Level 3.1 Axes
 + Level 3.1 Maces & Flails
 + Level 3.1 Polearms
 + Level 3.1 Staves
 + Level 3.1 Slings
 + Level 3.1 Bows
 + Level 3.1 Crossbows
 + Level 3.1 Throwing
 + Level 3.1 Armour
 + Level 3.1 Dodging
 + Level 5.2 Stealth
 + Level 3.1 Shields
 + Level 3.1 Unarmed Combat
 + Level 3.1 Spellcasting
 + Level 2.5 Conjurations
 + Level 2.5 Hexes
 + Level 2.5 Summonings
 + Level 2.5 Necromancy
 + Level 2.5 Translocations
 + Level 2.5 Transmutations
 + Level 2.5 Fire Magic
 + Level 2.5 Ice Magic
 + Level 2.5 Air Magic
 + Level 2.5 Earth Magic
 + Level 2.5 Poison Magic
 + Level 3.4 Invocations
 + Level 9.1 Evocations


You had 13 spell levels left.
You didn't know any spells.
Your spell library was empty.

Dungeon Overview and Level Annotations

Branches:
Dungeon (5/15)
 Temple: D:4-7

Altars:
Ashenzari
Dithmenos
Kikubaaqudgha
Nemelex Xobeh
Okawaru
Sif Muna
Trog
Vehumet
Xom

Annotations:
D:5 Eustachio


Innate Abilities, Weirdness & Mutations

You have very sharp teeth.
Your uncanny sense of smell can sniff out nearby items.
Your experience applies equally to all skills.


Message History

Found a stone staircase leading down.
There is a stone staircase leading down here.
You open the door.
The walls suddenly crumble! 5 dream sheep come into view.
A dream sheep catches fire!
The dream sheep panics and turns to flee.
A dream sheep catches fire!
The dream sheep stampedes away.
A dream sheep catches fire!
The dream sheep bleats in terror.
A dream sheep catches fire!
The dream sheep is struck with panic!
A dream sheep catches fire!
The dream sheep bleats in terror.
You hear mad divine giggling.
Found a shimmering altar of Xom.
The dream sheep burns! x5
The dream sheep burns! x5
The dream sheep burns! x5
The dream sheep bleats! x3
You hit the dream sheep.
Flame seeps out of the dream sheep.
Your attack snaps the dream sheep out of its fear.
The dream sheep is heavily wounded.
You hit the dream sheep.
Flame seeps out of the dream sheep.
Your attack snaps the dream sheep out of its fear.
The dream sheep burns! x10
The dream sheep explodes!
The fiery explosion engulfs you!!
The fiery explosion engulfs the dream sheep!!
The dream sheep explodes!
The dream sheep is engulfed in blazing flames.
The dream sheep explodes!
The fiery explosion engulfs you!!!
Ouch! That really hurt!
* * * LOW HITPOINT WARNING * * *
The dream sheep shake their wool and sparkle.
You feel drowsy...
You fall asleep.
You are engulfed in blazing flames.
You die...
Your body disappears without a glow.

# ########## #......... #
#...........####.#.#####. #
#................#....... #
#######.........Y####..#.#...#.
###................# #..#.#._.#.
†...<#####...._.Y..####..#.#...#.
.###............§§§§.....#.......
## +.#####....§.§°§####..#.#####.
# ### #....§°@§§§.............
#....§.§..####...#.#.###
#.###.##..####..##......
#.##..................##
#.........#..#...#......
#####............#...#..###. #.#
#.....#.........####....# #. #.#
#.######...##>...#......###. #.#
#.# ##.###....#..........


You could see 2 dream sheep.

Vanquished Creatures
  A black bear (D:4)
  An ice beast (D:4)
  A water moccasin zombie (D:5)
  A water moccasin skeleton (D:4)
  5 wights (D:4)
  A centaur zombie (D:5)
  2 hounds
  An orc priest (D:3)
  An iguana (D:5)
  Robin (D:2)
  16 gnolls
  6 adders
  2 white imps (D:5)
  5 dart slugs
  3 orcs
  13 endoplasms
  6 giant cockroaches
  10 goblins
  13 hobgoblins
  9 jackals
  3 quokkas
  2 ball pythons
  5 bats
  6 frilled lizards
  9 kobolds
  A quokka skeleton (D:4)
  7 rats
131 creatures vanquished.

Vanquished Creatures (others)
  3 dream sheep (D:5)
3 creatures vanquished.

Grand Total: 134 creatures vanquished

Notes
Turn   | Place    | Note
-------+----------+-------------------------------------------
     0 | D:1      | mcbry74 the Gnoll Wanderer began the quest for the Orb.
     0 | D:1      | mcbry74 set off with the following items: a +0 short sword,
                  | a wand of mindburst (12), a scroll of teleportation, a +0
                  | leather armour
     0 | D:1      | Reached XP level 1. HP: 13/13 MP: 1/1
   312 | D:1      | Reached XP level 2. HP: 16/19 MP: 2/2
   504 | D:1      | Found a faded altar of an unknown god.
   509 | D:1      | Prayed at the altar of an unknown god.
   509 | D:1      | Became a worshipper of Nemelex Xobeh the Trickster
   509 | D:1      | Reached * piety under Nemelex Xobeh
   509 | D:1      | Received a gift from Nemelex Xobeh
   911 | D:1      | Reached XP level 3. HP: 25/25 MP: 3/3
  1155 | D:2      | Found a shimmering blue altar of Sif Muna.
  1647 | D:2      | Reached skill level 1 in Invocations
  1749 | D:2      | Reached skill level 1 in Fighting
  1749 | D:2      | Reached skill level 1 in Long Blades
  1749 | D:2      | Reached skill level 1 in Axes
  1749 | D:2      | Reached skill level 1 in Maces & Flails
  1749 | D:2      | Reached skill level 1 in Polearms
  1749 | D:2      | Reached skill level 1 in Staves
  1749 | D:2      | Reached skill level 1 in Slings
  1749 | D:2      | Reached skill level 1 in Bows
  1749 | D:2      | Reached skill level 1 in Crossbows
  1749 | D:2      | Reached skill level 1 in Throwing
  1749 | D:2      | Reached skill level 1 in Armour
  1749 | D:2      | Reached skill level 1 in Dodging
  1749 | D:2      | Reached skill level 1 in Shields
  1749 | D:2      | Reached skill level 1 in Unarmed Combat
  1749 | D:2      | Reached skill level 1 in Spellcasting
  1755 | D:2      | Reached XP level 4. HP: 32/32 MP: 5/5
  1769 | D:2      | Noticed Robin
  2292 | D:2      | Reached skill level 1 in Conjurations
  2292 | D:2      | Reached skill level 1 in Hexes
  2292 | D:2      | Reached skill level 1 in Summonings
  2292 | D:2      | Reached skill level 1 in Necromancy
  2292 | D:2      | Reached skill level 1 in Translocations
  2292 | D:2      | Reached skill level 1 in Transmutations
  2292 | D:2      | Reached skill level 1 in Fire Magic
  2292 | D:2      | Reached skill level 1 in Ice Magic
  2292 | D:2      | Reached skill level 1 in Air Magic
  2292 | D:2      | Reached skill level 1 in Earth Magic
  2292 | D:2      | Reached skill level 1 in Poison Magic
  2306 | D:2      | Reached ** piety under Nemelex Xobeh
  3090 | D:2      | Reached XP level 5. HP: 37/37 MP: 6/6
  3266 | D:2      | Killed Robin
  3951 | D:3      | Found an iron altar of Okawaru.
  4243 | D:3      | Reached XP level 6. HP: 21/44 MP: 8/8
  4773 | D:3      | Found a sparkling altar of Nemelex Xobeh.
  4839 | D:3      | Received a gift from Nemelex Xobeh
  5050 | D:3      | Found a radiant altar of Vehumet.
  5377 | D:4      | Found a shadowy altar of Dithmenos.
  5633 | D:4      | Found a shimmering blue altar of Sif Muna.
  5721 | D:4      | Noticed an ice beast
  5876 | D:4      | Killed an ice beast
  5877 | D:4      | Reached XP level 7. HP: 31/51 MP: 5/10
  6203 | D:4      | Reached skill level 5 in Stealth
  6308 | D:4      | Reached *** piety under Nemelex Xobeh
  6373 | D:5      | Entered Level 5 of the Dungeon
  6440 | D:5      | Reached XP level 8. HP: 51/57 MP: 12/12
  6500 | D:5      | Found a bloodstained altar of Trog.
  6566 | D:5      | Noticed Eustachio
  6709 | D:5      | Found a broken altar of Ashenzari.
  6910 | D:5      | Found an ancient bone altar of Kikubaaqudgha.
  7473 | D:5      | Noticed a dream sheep
  7473 | D:5      | Noticed a dream sheep
  7473 | D:5      | Noticed a dream sheep
  7473 | D:5      | Noticed a dream sheep
  7473 | D:5      | Noticed a dream sheep
  7473 | D:5      | Found a shimmering altar of Xom.
  7477 | D:5      | Killed a dream sheep
  7477 | D:5      | Killed a dream sheep
  7477 | D:5      | Killed a dream sheep
  7478 | D:5      | Engulfed by a cloud of flame

Illustrated notes

Levels and vault maps discovered:
D:1:      saegor_arrival_simple_b, layout_loops_ring,
          shapermc_ecumenical_altar_acropolis, minivault_19
D:2:      layout_basic, basic_altar, uniq_robin
D:3:      layout_loops_cross, mainiacjoe_overflow_brackets,
          okawaru_metal_pillars_1_2, old_standard_altar
D:4:      layout_rooms, led_sif_pool, nicolae_dithmenos_through_a_glass_darkly,
          hangedman_abyss_or_decor_jellyfish_corner
D:5:      layout_loops_ring, kennysheep_mini,
          mainiacjoe_overflow_concentric_impassable,
          mainiacjoe_overflow_cross_hatched, nicolae_ashenzari_panopticon,
          kb_xom_exploding_sheep, uniq_eustachio

Skill      XL: |  1  2  3  4  5  6  7  8 |
---------------+-------------------------+-----
Invocations    | 1 2 3 |  3.4
Fighting       | 1 2 3 |  3.1
Long Blades    | 1 2 3 |  3.1
Axes           | 1 2 3 |  3.1
Maces & Flails | 1 2 3 |  3.1
Polearms       | 1 2 3 |  3.1
Staves         | 1 2 3 |  3.1
Slings         | 1 2 3 |  3.1
Bows           | 1 2 3 |  3.1
Crossbows      | 1 2 3 |  3.1
Throwing       | 1 2 3 |  3.1
Armour         | 1 2 3 |  3.1
Dodging        | 1 2 3 |  3.1
Shields        | 1 2 3 |  3.1
Unarmed Combat | 1 2 3 |  3.1
Spellcasting   | 1 2 3 |  3.1
Conjurations   | 1 2 |  2.5
Hexes          | 1 2 |  2.5
Summonings     | 1 2 |  2.5
Necromancy     | 1 2 |  2.5
Translocations | 1 2 |  2.5
Transmutations | 1 2 |  2.5
Fire Magic     | 1 2 |  2.5
Ice Magic      | 1 2 |  2.5
Air Magic      | 1 2 |  2.5
Earth Magic    | 1 2 |  2.5
Poison Magic   | 1 2 |  2.5
Short Blades   | 9 |  9.1
Stealth        | 5 |  5.2
Evocations     | 9 |  9.1

Action                   |  1- 3 |  4- 6 |  7- 9 || total
-------------------------+-------+-------+-------++-------
Melee: Dagger            |   169 |   275 |    10 ||   454
       Short sword       |     7 |       |       ||     7
       Bite              |    17 |    30 |     6 ||    53
       Punch             |     2 |    11 |     1 ||    14
       Hand axe          |       |       |    60 ||    60
 Fire: Hunting sling     |       |     7 |       ||     7
Throw: Dart              |       |   106 |    20 ||   126
       Javelin           |       |     5 |       ||     5
Invok: Draw Destruction  |       |     1 |     1 ||     2
Evoke: Wand              |     2 |     2 |     5 ||     9
 Stab: Sleeping          |     5 |     1 |       ||     6
Armor: Leather armour    |    44 |    50 |    45 ||   139
Dodge: Dodged            |    71 |    92 |    72 ||   235
